Little Stars vs Moose
Created - January 27, 2025 at 18:59
Goals
|
| Little Stars |
4 |
1 |
1 |
6 |
| Moose |
2 |
2 |
4 |
8 |
|
Shots
|
| Little Stars |
15 |
9 |
14 |
38 |
| Moose |
11 |
17 |
14 |
42 |
|
1st period
1. Little Stars , Daniel O'regan 18 (Shane Gersich 25, Matt Luff 15) at 7:31
2. Moose , Logan O'Connor 9 (Nick Paul 21, Juuso Valimaki 24) at 8:10
3. Little Stars , Emile Poirier 6 (Jason Dickinson 26, Ville Pokka 11) at 8:51
4. Little Stars , Daniel O'regan 19 (Shane Gersich 26) at 11:00
5. Little Stars , Daniel O'regan 20 (Shane Gersich 27, Matt Luff 16) at 11:15
6. Moose , Eetu Luostarinen 17 (Vinni Lettieri 12) at 16:39
Penalties :
Jake Leschyshyn (Man) for Roughing (Minor) at 19:58
2nd period
7. Moose , Nathan Bastian 1 (Matthew Benning 23, Juuso Valimaki 25) at 4:57
8. Little Stars , Filip Chytil 13 (Reece Willcox 12, Daniel O'regan 34) at 12:12
9. Moose , Logan O'Connor 10 (Nick Paul 22) at 15:13
Penalties :
Juuso Valimaki (Man) for Cross-checking (Minor) at 0:22, Reece Willcox (Tex) for Roughing (Minor) at 6:51, Reece Willcox (Tex) for Boarding (Minor) at 15:44
3rd period
10. Moose , Eetu Luostarinen 18 (Vinni Lettieri 13, Jake Leschyshyn 15) at 2:15 (PP)
11. Moose , Anders Bjork 11 (Juuso Valimaki 26, Nathan Bastian 1) at 8:12
12. Little Stars , Daniel O'regan 21 (Reece Willcox 13, Filip Chytil 10) at 15:50
13. Moose , Anders Bjork 12 (Nathan Bastian 2, Juuso Valimaki 27) at 18:25
14. Moose , Vinni Lettieri 15 (Jake Leschyshyn 16) at 18:56
Penalties :
Reece Willcox (Tex) for Cross-checking (Minor) at 1:05, Justin Auger (Tex) for Roughing (Minor) at 11:46
Goalie Stats
Danil Tarasov (Tex), 34 saves from 42 shots - (0.810), L, 9-14-5, 60:00 minutes
Filip Gustavsson (Man), 5 saves from 9 shots - (0.556), 11:15 minutes
Karel Vejmelka (Man), 27 saves from 29 shots - (0.931), W, 1-3-0, 48:45 minutes
Players Stats for Little Stars
Player Name G A P +/- PIM S H SB GA TA FO MP PP MP PK MP
------------------------------------------------------------------------------------
Aidan Mcdonough 0 0 0 1 0 1 0 1 0 1 0/0 11:48 0:00 0:00
Blade Jenkins 0 0 0 0 0 0 0 0 0 0 0/0 0:00 0:00 0:00
Cal Burke 0 0 0 1 0 4 1 0 0 0 0/0 11:48 0:00 0:00
Connor Mackey 0 0 0 1 0 3 0 1 0 0 0/0 11:23 0:00 0:20
Daniel O'regan 4 1 5 2 0 7 2 0 0 0 21/34 23:31 1:17 4:04
Emile Poirier 1 0 1 -3 0 3 0 0 1 0 0/0 15:44 1:06 0:38
Filip Chytil 1 1 2 1 0 3 1 0 2 0 9/14 12:12 0:00 0:22
Givani Smith 0 0 0 0 0 0 0 0 0 0 0/0 0:00 0:00 0:00
Jack McBain 0 0 0 0 0 0 0 0 0 0 0/0 0:00 0:00 0:00
Jason Dickinson 0 1 1 -3 0 2 4 1 0 0 11/24 19:32 1:06 4:22
Jean-Christophe Beaudin 0 0 0 0 0 0 0 0 0 0 0/0 0:00 0:00 0:00
Joey Anderson 0 0 0 -1 0 0 0 0 0 0 0/0 6:24 0:00 0:00
Jonathan Dahlen 0 0 0 -1 0 0 1 0 1 0 0/0 6:24 0:00 0:00
Justin Auger 0 0 0 -3 2 4 0 0 1 0 0/1 15:11 1:06 0:00
Lawrence Pilut 0 0 0 1 0 1 0 0 1 0 0/0 13:52 0:00 2:51
Matt Luff 0 2 2 2 0 0 2 0 2 1 1/2 21:18 1:17 1:49
Radel Fazleev 0 0 0 -1 0 1 1 0 0 0 1/1 6:24 0:00 0:00
Reece Willcox 0 2 2 -1 6 2 2 1 1 0 0/0 26:01 1:40 1:07
Rudolfs Balcers 0 0 0 0 0 0 0 0 0 0 0/1 1:10 0:00 1:10
Samuel Girard 0 0 0 -1 0 3 1 0 2 1 0/0 28:52 1:40 4:03
Shane Gersich 0 3 3 2 0 2 1 0 0 1 0/0 21:18 1:17 1:49
Tucker Poolman 0 0 0 -1 0 2 2 5 0 1 0/0 20:12 0:43 3:09
Ville Pokka 0 1 1 -1 0 0 2 1 0 0 0/0 19:45 0:43 2:44
Yakov Trenin 0 0 0 0 0 0 0 0 0 0 0/0 0:00 0:00 0:00
Players Stats for Moose
Player Name G A P +/- PIM S H SB GA TA FO MP PP MP PK MP
------------------------------------------------------------------------------------
Adam Ginning 0 0 0 1 0 0 0 0 0 0 0/0 11:26 0:00 1:05
Aliaksei Protas 0 0 0 0 0 0 0 0 0 0 0/0 0:00 0:00 0:00
Anders Bjork 2 0 2 1 0 5 0 1 0 0 0/1 11:01 0:00 0:00
Axel Jonsson-Fjallby 0 0 0 0 0 0 0 0 0 0 1/1 0:29 0:06 0:00
Boris Katchouk 0 0 0 -1 0 0 0 0 1 0 0/0 7:05 0:00 0:00
Eetu Luostarinen 2 0 2 0 0 4 2 1 0 1 2/7 23:25 4:07 1:27
Jake Leschyshyn 0 2 2 0 2 3 1 0 1 1 13/26 22:02 4:07 0:06
Jaret Anderson-Dolan 0 0 0 -1 0 0 0 0 0 0 0/1 7:05 0:00 0:00
Joey Keane 0 0 0 1 0 0 0 0 0 1 0/0 10:20 0:00 0:00
Jonatan Berggren 0 0 0 0 0 0 0 0 0 0 0/0 0:00 0:00 0:00
Jonny Tychonick 0 0 0 0 0 0 0 0 0 0 0/0 3:15 0:00 0:00
Josh Mahura 0 0 0 -1 0 3 0 0 1 2 0/0 19:04 2:11 0:54
Juuso Valimaki 0 4 4 1 2 2 0 1 0 1 0/0 26:15 4:56 0:23
Kristian Vesalainen 0 0 0 0 0 0 0 0 0 0 0/0 0:32 0:00 0:32
Logan O'Connor 2 0 2 1 0 8 1 0 1 2 0/0 17:04 2:54 0:00
Lukas Rousek 0 0 0 0 0 0 0 0 0 0 0/0 0:00 0:00 0:00
Matthew Benning 0 1 1 1 0 2 1 2 0 0 0/0 30:36 4:56 1:29
Max Jones 0 0 0 0 0 0 0 0 0 0 0/0 0:29 0:06 0:00
Mitchell Stephens 0 0 0 1 0 0 2 0 1 1 11/25 17:04 2:54 0:00
Nathan Bastian 1 2 3 1 0 3 1 0 0 0 0/0 11:30 0:06 0:00
Nelson Nogier 0 0 0 -1 0 2 0 0 0 0 0/0 19:04 2:11 0:54
Nick Paul 0 2 2 1 0 3 5 1 0 2 2/3 18:11 2:54 1:06
Riley Damiani 0 0 0 1 0 0 0 0 0 0 3/9 11:01 0:00 0:00
Vinni Lettieri 1 2 3 0 0 4 0 0 0 0 2/4 21:57 4:07 0:00
William Bitten 0 0 0 -1 0 3 1 1 0 0 0/0 7:05 0:00 0:00
3 Stars
1 - Daniel O'regan (Tex)
2 - Logan O'Connor (Man)
3 - Nathan Bastian (Man)
Power Play
Little Stars - 0 on 2 Attempt(s) - 0.00%
Moose - 1 on 4 Attempt(s) - 25.00%
Penalty Kill
Little Stars - 3 on 4 Attempt(s) - 75.00%
- Score 0 goal in Penalty Kill
Moose - 2 on 2 Attempt(s) - 100.00%
- Score 0 goal in Penalty Kill
Team Stat
Little Stars - Hits : 20 - Faceoff Wins : 43 - Blocked Shots : 10 - Penalty Minutes : 8
Moose - Hits : 14 - Faceoff Wins : 34 - Blocked Shots : 7 - Penalty Minutes : 4
Official
Referees : Tom Chmielewski and Corey Syvret
Linesman : Derek Amell and Kyle Flemington
Game Notes
Daniel O'regan has scored a Hat Trick!
Karel Vejmelka enters game at 11:15 of 1st period
Finance
Level 1 -- Attendance: 1887 (94.35%) -- Ticket Income $132,090
Level 2 -- Attendance: 859 (85.90%) -- Ticket Income $34,360
Total Attendance: 2746 (91.53%)
Total Ticket Income: $166,450
Other Income: $8,322
Total Income: $174,772
Little Stars
5 vs 5 Forward
Center Left Wing Right Wing Time % Phy DF OF
1 Daniel O'regan Shane Gersich Matt Luff 40 1 2 2
2 Jason Dickinson Emile Poirier Justin Auger 30 1 2 2
3 Filip Chytil Aidan Mcdonough Cal Burke 20 1 2 2
4 Radel Fazleev Jonathan Dahlen Joey Anderson 10 1 2 2
5 vs 5 Defense
Defense Defense Time % Phy DF OF
1 Reece Willcox Samuel Girard 40 1 2 2
2 Tucker Poolman Ville Pokka 30 1 2 2
3 Connor Mackey Lawrence Pilut 20 1 2 2
4 Reece Willcox Samuel Girard 10 1 2 2
PowerPlay Forward
Center Left Wing Right Wing Time % Phy DF OF
1 Daniel O'regan Shane Gersich Matt Luff 60 1 2 2
2 Jason Dickinson Emile Poirier Justin Auger 40 1 2 2
PowerPlay Defense
Defense Defense Time % Phy DF OF
1 Reece Willcox Samuel Girard 60 1 2 2
2 Tucker Poolman Ville Pokka 40 1 2 2
Penalty Kill 4 Players Forward
Center Wing Time % Phy DF OF
1 Daniel O'regan Jason Dickinson 60 1 2 2
2 Matt Luff Shane Gersich 40 1 2 2
Penalty Kill 4 Players Defense
Defense Defense Time % Phy DF OF
1 Reece Willcox Samuel Girard 60 1 2 2
2 Tucker Poolman Ville Pokka 40 1 2 2
Penalty Kill - 3 Players Forward
Forward Time % Phy DF OF
1 Daniel O'regan 60 1 2 2
2 Jason Dickinson 40 1 2 2
Penalty Kill - 3 Players Defense
Defense Defense Time % Phy DF OF
1 Reece Willcox Samuel Girard 60 1 2 2
2 Tucker Poolman Ville Pokka 40 1 2 2
4 vs 4 Forward
Center Wing Time % Phy DF OF
1 Daniel O'regan Jason Dickinson 60 1 2 2
2 Matt Luff Shane Gersich 40 1 2 2
4 vs 4 Defense
Defense Defense Time % Phy DF OF
1 Reece Willcox Samuel Girard 60 1 2 2
2 Tucker Poolman Ville Pokka 40 1 2 2
Last Minutes Offensive
Center Left Wing Right Wing Defense Defense
Daniel O'regan Shane Gersich Matt Luff Reece Willcox Samuel Girard
Last Minutes Defensive
Center Left Wing Right Wing Defense Defense
Daniel O'regan Shane Gersich Matt Luff Reece Willcox Samuel Girard
Goaltenders
Starting : Danil Tarasov
Backup : Ilya Konovalov
Extra Forwards
Normal : Givani Smith, Jean-Christophe Beaudin, Rudolfs Balcers - PP : Givani Smith, Jean-Christophe Beaudin - PK : Rudolfs Balcers
Extra Defensemen
Normal : Connor Mackey, Lawrence Pilut, Tucker Poolman - PP : Connor Mackey - PK : Lawrence Pilut, Tucker Poolman
Penalty Shots
Daniel O'regan, Jason Dickinson, Matt Luff, Shane Gersich, Emile Poirier
Custom OT Lines Forwards
Daniel O'regan, Jason Dickinson, Matt Luff, Shane Gersich, Emile Poirier, Justin Auger, Filip Chytil, Radel Fazleev, Aidan Mcdonough, Jonathan Dahlen
Custom OT Lines Defensemen
Reece Willcox, Samuel Girard, Tucker Poolman, Ville Pokka, Connor Mackey
Scratches
Ilya Mikheyev (Suspend), Bulat Shafigullin (Healthy), Victor Soderstrom (Healthy), Rhett Pitlick (Healthy), Michael Giugovaz (Healthy)
Moose
5 vs 5 Forward
Center Left Wing Right Wing Time % Phy DF OF
1 Jake Leschyshyn Eetu Luostarinen Vinni Lettieri 40 1 2 2
2 Mitchell Stephens Nick Paul Logan O'Connor 30 1 2 2
3 Riley Damiani Anders Bjork Nathan Bastian 20 1 2 2
4 Jaret Anderson-Dolan Boris Katchouk William Bitten 10 1 2 2
5 vs 5 Defense
Defense Defense Time % Phy DF OF
1 Matthew Benning Juuso Valimaki 40 1 2 2
2 Nelson Nogier Josh Mahura 30 1 2 2
3 Joey Keane Adam Ginning 20 1 2 2
4 Jonny Tychonick Matthew Benning 10 1 2 2
PowerPlay Forward
Center Left Wing Right Wing Time % Phy DF OF
1 Jake Leschyshyn Eetu Luostarinen Vinni Lettieri 60 1 2 2
2 Mitchell Stephens Nick Paul Logan O'Connor 40 1 2 2
PowerPlay Defense
Defense Defense Time % Phy DF OF
1 Matthew Benning Juuso Valimaki 60 1 2 2
2 Nelson Nogier Josh Mahura 40 1 2 2
Penalty Kill 4 Players Forward
Center Wing Time % Phy DF OF
1 Eetu Luostarinen Nick Paul 60 1 2 2
2 Anders Bjork Vinni Lettieri 40 1 2 2
Penalty Kill 4 Players Defense
Defense Defense Time % Phy DF OF
1 Matthew Benning Juuso Valimaki 60 1 2 2
2 Nelson Nogier Josh Mahura 40 1 2 2
Penalty Kill - 3 Players Forward
Forward Time % Phy DF OF
1 Eetu Luostarinen 60 1 2 2
2 Nick Paul 40 1 2 2
Penalty Kill - 3 Players Defense
Defense Defense Time % Phy DF OF
1 Matthew Benning Juuso Valimaki 60 1 2 2
2 Nelson Nogier Josh Mahura 40 1 2 2
4 vs 4 Forward
Center Wing Time % Phy DF OF
1 Eetu Luostarinen Nick Paul 60 1 2 2
2 Anders Bjork Vinni Lettieri 40 1 2 2
4 vs 4 Defense
Defense Defense Time % Phy DF OF
1 Matthew Benning Juuso Valimaki 60 1 2 2
2 Nelson Nogier Josh Mahura 40 1 2 2
Last Minutes Offensive
Center Left Wing Right Wing Defense Defense
Jake Leschyshyn Eetu Luostarinen Vinni Lettieri Matthew Benning Juuso Valimaki
Last Minutes Defensive
Center Left Wing Right Wing Defense Defense
Jake Leschyshyn Eetu Luostarinen Vinni Lettieri Matthew Benning Juuso Valimaki
Goaltenders
Starting : Filip Gustavsson
Backup : Karel Vejmelka
Extra Forwards
Normal : Axel Jonsson-Fjallby, Max Jones, Kristian Vesalainen - PP : Axel Jonsson-Fjallby, Max Jones - PK : Kristian Vesalainen
Extra Defensemen
Normal : Joey Keane, Adam Ginning, Jonny Tychonick - PP : Joey Keane - PK : Adam Ginning, Jonny Tychonick
Penalty Shots
Eetu Luostarinen, Nick Paul, Anders Bjork, Vinni Lettieri, Logan O'Connor
Custom OT Lines Forwards
Eetu Luostarinen, Nick Paul, Anders Bjork, Vinni Lettieri, Logan O'Connor, Boris Katchouk, Jake Leschyshyn, Axel Jonsson-Fjallby, Mitchell Stephens, Nathan Bastian
Custom OT Lines Defensemen
Matthew Benning, Juuso Valimaki, Nelson Nogier, Josh Mahura, Joey Keane
Scratches
Caleb Jones (Broken Bone (Right Leg) Injury), Alexander Khovanov (Healthy), Juuso Parssinen (Healthy), Olle Eriksson Ek (Healthy), Daniel Vladar (Healthy)
% Time on Ice - Little Stars
Lines # - Real PCT - Wanted PCT - Time Play
Normal Forward
1 - 36% - 40% - 18:12
2 - 28% - 30% - 14:06
3 - 23% - 20% - 11:48
4 - 13% - 10% - 6:24
Normal Defense
1 - 41% - 40% - 20:48
2 - 32% - 30% - 16:18
3 - 21% - 20% - 10:36
4 - 6% - 10% - 2:48
PP Forward
1 - 54% - 60% - 1:17
2 - 46% - 40% - 1:06
PP Defense
1 - 70% - 60% - 1:40
2 - 30% - 40% - 0:43
PK Forward
1 - 74% - 60% - 5:18
2 - 26% - 40% - 1:49
PK Defense
1 - 62% - 60% - 4:23
2 - 38% - 40% - 2:44
PK3 Forward
1 - 0% - 60%
2 - 0% - 40%
PK3 Defense
1 - 0% - 60%
2 - 0% - 40%
44 Forward
1 - 0% - 60%
2 - 0% - 40%
44 Defense
1 - 0% - 60%
2 - 0% - 40%
Last Minute Offensive - 0:00
Last Minute Defensive - 0:00
Total
Forward - 60:00
Defense - 60:00
|
% Time on Ice - Moose
Lines # - Real PCT - Wanted PCT - Time Play
Normal Forward
1 - 36% - 40% - 18:14
2 - 28% - 30% - 14:10
3 - 22% - 20% - 11:01
4 - 14% - 10% - 7:05
Normal Defense
1 - 41% - 40% - 20:56
2 - 32% - 30% - 15:59
3 - 20% - 20% - 10:20
4 - 6% - 10% - 3:15
PP Forward
1 - 59% - 60% - 4:13
2 - 41% - 40% - 2:54
PP Defense
1 - 69% - 60% - 4:56
2 - 31% - 40% - 2:11
PK Forward
1 - 100% - 60% - 0:48
2 - 0% - 40% - 0:00
PK Defense
1 - 100% - 60% - 0:48
2 - 0% - 40% - 0:00
PK3 Forward
1 - 75% - 60% - 1:11
2 - 25% - 40% - 0:24
PK3 Defense
1 - 43% - 60% - 0:41
2 - 57% - 40% - 0:54
44 Forward
1 - 0% - 60%
2 - 0% - 40%
44 Defense
1 - 0% - 60%
2 - 0% - 40%
Last Minute Offensive - 0:00
Last Minute Defensive - 0:00
Total
Forward - 60:00
Defense - 60:00
|
Play-by-Play
1st period
0:01 of 1st period - Jake Leschyshyn wins face-off versus Daniel O'regan in neutral zone.
0:26 of 1st period - Matthew Benning is hit by Reece Willcox.
1:56 of 1st period - Snap shot by Jason Dickinson.
1:56 of 1st period - Shot Misses the Net.
3:00 of 1st period - Off-side.
3:01 of 1st period - Mitchell Stephens wins face-off versus Daniel O'regan in neutral zone.
3:27 of 1st period - Eetu Luostarinen is hit by Tucker Poolman and loses puck.
4:14 of 1st period - Wrist shot by Anders Bjork.
4:14 of 1st period - Stopped by Danil Tarasov with a rebound.
4:52 of 1st period - Off-side.
4:53 of 1st period - Jason Dickinson wins face-off versus Jaret Anderson-Dolan in neutral zone.
5:08 of 1st period - Ville Pokka is hit by William Bitten and loses puck.
5:24 of 1st period - Wrist shot by William Bitten.
5:24 of 1st period - Stopped by Danil Tarasov without a rebound.
5:25 of 1st period - Matt Luff wins face-off versus Vinni Lettieri in Little Stars zone.
5:37 of 1st period - Backhand shot by Jake Leschyshyn.
5:37 of 1st period - Stopped by Danil Tarasov without a rebound.
5:38 of 1st period - Daniel O'regan wins face-off versus Mitchell Stephens in Little Stars zone.
6:03 of 1st period - Samuel Girard is hit by Eetu Luostarinen and loses puck.
6:48 of 1st period - Snap shot by Justin Auger.
6:48 of 1st period - Shot Misses the Net.
6:50 of 1st period - Slapshot by Reece Willcox.
6:50 of 1st period - Stopped by Filip Gustavsson with a rebound.
6:56 of 1st period - Snap shot by Emile Poirier.
6:56 of 1st period - Stopped by Filip Gustavsson with a rebound.
7:06 of 1st period - Boris Katchouk is hit by Filip Chytil and loses puck.
7:17 of 1st period - Wrist shot by Cal Burke.
7:17 of 1st period - Shot Misses the Net.
7:29 of 1st period - Wrist shot by Daniel O'regan.
7:29 of 1st period - Shot Blocked by William Bitten.
7:31 of 1st period - Snap shot by Daniel O'regan.
7:31 of 1st period - Goal by Daniel O'regan - Little Stars : 1 - Moose : 0.
7:32 of 1st period - Jake Leschyshyn wins face-off versus Daniel O'regan in neutral zone.
7:40 of 1st period - Vinni Lettieri is hit by Matt Luff and loses puck.
7:57 of 1st period - Jason Dickinson is hit by Nick Paul and loses puck.
8:10 of 1st period - Wrist shot by Logan O'Connor.
8:10 of 1st period - Goal by Logan O'Connor - Little Stars : 1 - Moose : 1.
8:11 of 1st period - Jake Leschyshyn wins face-off versus Daniel O'regan in neutral zone.
8:34 of 1st period - Snap shot by Jason Dickinson.
8:34 of 1st period - Stopped by Filip Gustavsson without a rebound.
8:35 of 1st period - Mitchell Stephens wins face-off versus Jason Dickinson in Moose zone.
8:40 of 1st period - Jason Dickinson is hit by Nick Paul and loses puck.
8:49 of 1st period - Slapshot by Jason Dickinson.
8:49 of 1st period - Shot Misses the Net.
8:51 of 1st period - Snap shot by Emile Poirier.
8:51 of 1st period - Goal by Emile Poirier - Little Stars : 2 - Moose : 1.
8:52 of 1st period - Daniel O'regan wins face-off versus Eetu Luostarinen in neutral zone.
9:17 of 1st period - Samuel Girard is hit by Matthew Benning and loses puck.
9:58 of 1st period - Jaret Anderson-Dolan is hit by Ville Pokka and loses puck.
10:39 of 1st period - Slapshot by Cal Burke.
10:39 of 1st period - Stopped by Filip Gustavsson with a rebound.
10:41 of 1st period - Snap shot by Reece Willcox.
10:41 of 1st period - Stopped by Filip Gustavsson without a rebound.
10:42 of 1st period - Filip Chytil wins face-off versus Mitchell Stephens in Moose zone.
10:50 of 1st period - Off-side.
10:51 of 1st period - Daniel O'regan wins face-off versus Jake Leschyshyn in neutral zone.
10:58 of 1st period - Icing by Vinni Lettieri.
10:59 of 1st period - Daniel O'regan wins face-off versus Jake Leschyshyn in Moose zone.
11:00 of 1st period - Snap shot by Shane Gersich.
11:00 of 1st period - Deflect By Daniel O'regan.
11:00 of 1st period - Goal by Daniel O'regan - Little Stars : 3 - Moose : 1.
11:01 of 1st period - Daniel O'regan wins face-off versus Jake Leschyshyn in neutral zone.
11:15 of 1st period - Wrist shot by Daniel O'regan.
11:15 of 1st period - Goal by Daniel O'regan - Little Stars : 4 - Moose : 1.
11:15 of 1st period - Karel Vejmelka enters game.
11:16 of 1st period - Daniel O'regan wins face-off versus Riley Damiani in neutral zone.
11:41 of 1st period - Tucker Poolman is hit by Eetu Luostarinen and loses puck.
11:46 of 1st period - Wrist shot by Jake Leschyshyn.
11:46 of 1st period - Shot Misses the Net.
12:31 of 1st period - Snap shot by Radel Fazleev.
12:31 of 1st period - Stopped by Karel Vejmelka with a rebound.
12:33 of 1st period - Slapshot by Jonathan Dahlen.
12:33 of 1st period - Shot Misses the Net.
12:43 of 1st period - Boris Katchouk is hit by Shane Gersich and loses puck.
13:24 of 1st period - Snap shot by Cal Burke.
13:24 of 1st period - Stopped by Karel Vejmelka without a rebound.
13:25 of 1st period - Riley Damiani wins face-off versus Filip Chytil in Moose zone.
14:00 of 1st period - Wrist shot by Logan O'Connor.
14:00 of 1st period - Stopped by Danil Tarasov without a rebound.
14:01 of 1st period - Jake Leschyshyn wins face-off versus Jason Dickinson in Little Stars zone.
14:35 of 1st period - Snap shot by Shane Gersich.
14:35 of 1st period - Deflect By Logan O'Connor.
14:35 of 1st period - Shot Misses the Net.
14:35 of 1st period - Puck is out of play.
14:36 of 1st period - Jake Leschyshyn wins face-off versus Jason Dickinson in Moose zone.
15:12 of 1st period - Wrist shot by Jake Leschyshyn.
15:12 of 1st period - Stopped by Danil Tarasov with a rebound.
15:14 of 1st period - Slapshot by Juuso Valimaki.
15:14 of 1st period - Stopped by Danil Tarasov without a rebound.
15:15 of 1st period - Daniel O'regan wins face-off versus Mitchell Stephens in Little Stars zone.
15:22 of 1st period - Mitchell Stephens is hit by Matt Luff and loses puck.
15:45 of 1st period - Slapshot by Nathan Bastian.
15:45 of 1st period - Stopped by Danil Tarasov with a rebound.
16:23 of 1st period - Wrist shot by Vinni Lettieri.
16:23 of 1st period - Shot Misses the Net.
16:25 of 1st period - Wrist shot by Jake Leschyshyn.
16:25 of 1st period - Shot Misses the Net.
16:27 of 1st period - Slapshot by Juuso Valimaki.
16:27 of 1st period - Stopped by Danil Tarasov without a rebound.
16:28 of 1st period - Jake Leschyshyn wins face-off versus Daniel O'regan in Little Stars zone.
16:39 of 1st period - Wrist shot by Eetu Luostarinen.
16:39 of 1st period - Goal by Eetu Luostarinen - Little Stars : 4 - Moose : 2.
16:40 of 1st period - Daniel O'regan wins face-off versus Mitchell Stephens in neutral zone.
16:44 of 1st period - Slapshot by Samuel Girard.
16:44 of 1st period - Deflect By Shane Gersich.
16:44 of 1st period - Stopped by Karel Vejmelka with a rebound.
16:46 of 1st period - Slapshot by Samuel Girard.
16:46 of 1st period - Deflect By Shane Gersich.
16:46 of 1st period - Shot Misses the Net.
16:46 of 1st period - Puck is out of play.
16:47 of 1st period - Daniel O'regan wins face-off versus Mitchell Stephens in Moose zone.
17:40 of 1st period - Snap shot by Jake Leschyshyn.
17:40 of 1st period - Stopped by Danil Tarasov without a rebound.
17:41 of 1st period - Jason Dickinson wins face-off versus Jake Leschyshyn in Little Stars zone.
17:48 of 1st period - Slapshot by Justin Auger.
17:48 of 1st period - Stopped by Karel Vejmelka with a rebound.
18:08 of 1st period - Ville Pokka is hit by Logan O'Connor and loses puck.
18:37 of 1st period - Slapshot by Samuel Girard.
18:37 of 1st period - Stopped by Karel Vejmelka without a rebound.
18:38 of 1st period - Daniel O'regan wins face-off versus Jake Leschyshyn in Moose zone.
18:45 of 1st period - Snap shot by Daniel O'regan.
18:45 of 1st period - Stopped by Karel Vejmelka with a rebound.
19:05 of 1st period - Samuel Girard is hit by Nathan Bastian and loses puck.
19:55 of 1st period - Wrist shot by Emile Poirier.
19:55 of 1st period - Deflect By Jason Dickinson.
19:55 of 1st period - Shot Misses the Net.
19:55 of 1st period - Puck is out of play.
19:56 of 1st period - Jake Leschyshyn wins face-off versus Jason Dickinson in Moose zone.
19:58 of 1st period - Minor Penalty to Jake Leschyshyn for Roughing.
19:59 of 1st period - Jason Dickinson wins face-off versus Eetu Luostarinen in Moose zone.
Goals for this period are 4 for Little Stars vs 2 for Moose.
Shots for this period are 15 for Little Stars vs 11 for Moose.
2nd period
0:01 of 2nd period - Daniel O'regan wins face-off versus Eetu Luostarinen in neutral zone.
0:12 of 2nd period - Wrist shot by Matt Luff.
0:12 of 2nd period - Shot Blocked by Juuso Valimaki.
0:14 of 2nd period - Snap shot by Matt Luff.
0:14 of 2nd period - Shot Misses the Net.
0:22 of 2nd period - Minor Penalty to Juuso Valimaki for Cross-checking.
0:23 of 2nd period - Daniel O'regan wins face-off versus Eetu Luostarinen in Moose zone.
0:34 of 2nd period - Snap shot by Daniel O'regan.
0:34 of 2nd period - Stopped by Karel Vejmelka with a rebound.
1:58 of 2nd period - Penalty to Jake Leschyshyn is over, Jake Leschyshyn is back on ice.
2:17 of 2nd period - Icing by Samuel Girard.
2:18 of 2nd period - Eetu Luostarinen wins face-off versus Jason Dickinson in Little Stars zone.
2:22 of 2nd period - Penalty to Juuso Valimaki is over, Juuso Valimaki is back on ice.
2:44 of 2nd period - Icing by Riley Damiani.
2:45 of 2nd period - Daniel O'regan wins face-off versus Riley Damiani in Moose zone.
2:54 of 2nd period - Wrist shot by Shane Gersich.
2:54 of 2nd period - Stopped by Karel Vejmelka with a rebound.
2:56 of 2nd period - Wrist shot by Daniel O'regan.
2:56 of 2nd period - Shot Blocked by Anders Bjork.
2:58 of 2nd period - Snap shot by Daniel O'regan.
2:58 of 2nd period - Shot Misses the Net.
3:00 of 2nd period - Snap shot by Connor Mackey.
3:00 of 2nd period - Stopped by Karel Vejmelka without a rebound.
3:01 of 2nd period - Jason Dickinson wins face-off versus Jake Leschyshyn in Moose zone.
3:55 of 2nd period - Snap shot by William Bitten.
3:55 of 2nd period - Shot Misses the Net.
3:57 of 2nd period - Wrist shot by William Bitten.
3:57 of 2nd period - Shot Misses the Net.
3:59 of 2nd period - Wrist shot by Jaret Anderson-Dolan.
3:59 of 2nd period - Shot Blocked by Aidan Mcdonough.
4:01 of 2nd period - Snap shot by Nelson Nogier.
4:01 of 2nd period - Stopped by Danil Tarasov without a rebound.
4:02 of 2nd period - Vinni Lettieri wins face-off versus Jason Dickinson in Little Stars zone.
4:51 of 2nd period - Snap shot by Anders Bjork.
4:51 of 2nd period - Stopped by Danil Tarasov with a rebound.
4:53 of 2nd period - Snap shot by Nathan Bastian.
4:53 of 2nd period - Shot Blocked by Tucker Poolman.
4:55 of 2nd period - Slapshot by Juuso Valimaki.
4:55 of 2nd period - Deflect By Nathan Bastian.
4:55 of 2nd period - Stopped by Danil Tarasov with a rebound.
4:57 of 2nd period - Snap shot by Matthew Benning.
4:57 of 2nd period - Deflect By Nathan Bastian.
4:57 of 2nd period - Goal by Nathan Bastian - Little Stars : 4 - Moose : 3.
4:58 of 2nd period - Eetu Luostarinen wins face-off versus Daniel O'regan in neutral zone.
5:13 of 2nd period - Slapshot by Eetu Luostarinen.
5:13 of 2nd period - Stopped by Danil Tarasov with a rebound.
5:25 of 2nd period - Nick Paul is hit by Cal Burke and loses puck.
5:35 of 2nd period - Slapshot by Logan O'Connor.
5:35 of 2nd period - Stopped by Danil Tarasov without a rebound.
5:36 of 2nd period - Mitchell Stephens wins face-off versus Jason Dickinson in Little Stars zone.
6:00 of 2nd period - Off-side.
6:01 of 2nd period - Jake Leschyshyn wins face-off versus Daniel O'regan in neutral zone.
6:51 of 2nd period - Minor Penalty to Reece Willcox for Roughing.
6:52 of 2nd period - Mitchell Stephens wins face-off versus Daniel O'regan in Little Stars zone.
6:52 of 2nd period - Wrist shot by Logan O'Connor.
6:52 of 2nd period - Stopped by Danil Tarasov with a rebound.
6:54 of 2nd period - Slapshot by Matthew Benning.
6:54 of 2nd period - Stopped by Danil Tarasov with a rebound.
6:56 of 2nd period - Snap shot by Mitchell Stephens.
6:56 of 2nd period - Shot Blocked by Tucker Poolman.
7:02 of 2nd period - Slapshot by Juuso Valimaki.
7:02 of 2nd period - Shot Blocked by Jason Dickinson.
7:04 of 2nd period - Backhand shot by Juuso Valimaki.
7:04 of 2nd period - Shot Blocked by Ville Pokka.
7:27 of 2nd period - Icing by Eetu Luostarinen.
7:28 of 2nd period - Mitchell Stephens wins face-off versus Rudolfs Balcers in Moose zone.
8:19 of 2nd period - Logan O'Connor is hit by Jason Dickinson.
8:42 of 2nd period - Icing by Eetu Luostarinen.
8:43 of 2nd period - Daniel O'regan wins face-off versus Jake Leschyshyn in Moose zone.
8:51 of 2nd period - Penalty to Reece Willcox is over, Reece Willcox is back on ice.
9:24 of 2nd period - Snap shot by Josh Mahura.
9:24 of 2nd period - Stopped by Danil Tarasov with a rebound.
9:26 of 2nd period - Slapshot by Nelson Nogier.
9:26 of 2nd period - Shot Blocked by Tucker Poolman.
9:28 of 2nd period - Snap shot by Josh Mahura.
9:28 of 2nd period - Stopped by Danil Tarasov with a rebound.
9:30 of 2nd period - Snap shot by William Bitten.
9:30 of 2nd period - Stopped by Danil Tarasov with a rebound.
9:32 of 2nd period - Wrist shot by William Bitten.
9:32 of 2nd period - Stopped by Danil Tarasov with a rebound.
9:44 of 2nd period - Wrist shot by Logan O'Connor.
9:44 of 2nd period - Deflect By Nick Paul.
9:44 of 2nd period - Stopped by Danil Tarasov with a rebound.
10:41 of 2nd period - Slapshot by Matthew Benning.
10:41 of 2nd period - Shot Blocked by Connor Mackey.
11:22 of 2nd period - Slapshot by Nelson Nogier.
11:22 of 2nd period - Stopped by Danil Tarasov without a rebound.
11:23 of 2nd period - Jason Dickinson wins face-off versus Jake Leschyshyn in Little Stars zone.
11:40 of 2nd period - Samuel Girard is hit by Jake Leschyshyn and loses puck.
12:12 of 2nd period - Slapshot by Reece Willcox.
12:12 of 2nd period - Deflect By Filip Chytil.
12:12 of 2nd period - Goal by Filip Chytil - Little Stars : 5 - Moose : 3.
12:13 of 2nd period - Daniel O'regan wins face-off versus Jake Leschyshyn in neutral zone.
12:21 of 2nd period - Off-side.
12:22 of 2nd period - Daniel O'regan wins face-off versus Vinni Lettieri in neutral zone.
12:27 of 2nd period - Snap shot by Shane Gersich.
12:27 of 2nd period - Shot Blocked by Matthew Benning.
14:34 of 2nd period - Slapshot by Daniel O'regan.
14:34 of 2nd period - Deflect By Shane Gersich.
14:34 of 2nd period - Shot Blocked by Eetu Luostarinen.
14:34 of 2nd period - Puck is out of play.
14:35 of 2nd period - Jason Dickinson wins face-off versus Mitchell Stephens in Moose zone.
14:36 of 2nd period - Slapshot by Samuel Girard.
14:36 of 2nd period - Deflect By Josh Mahura.
14:36 of 2nd period - Stopped by Karel Vejmelka without a rebound.
14:37 of 2nd period - Nick Paul wins face-off versus Jason Dickinson in Moose zone.
14:45 of 2nd period - Josh Mahura is hit by Jason Dickinson.
14:48 of 2nd period - Off-side.
14:49 of 2nd period - Jason Dickinson wins face-off versus Mitchell Stephens in neutral zone.
14:59 of 2nd period - Wrist shot by Justin Auger.
14:59 of 2nd period - Stopped by Karel Vejmelka without a rebound.
15:00 of 2nd period - Mitchell Stephens wins face-off versus Justin Auger in Moose zone.
15:07 of 2nd period - Snap shot by Logan O'Connor.
15:07 of 2nd period - Stopped by Danil Tarasov with a rebound.
15:09 of 2nd period - Slapshot by Josh Mahura.
15:09 of 2nd period - Stopped by Danil Tarasov without a rebound.
15:10 of 2nd period - Nick Paul wins face-off versus Jason Dickinson in Little Stars zone.
15:13 of 2nd period - Slapshot by Logan O'Connor.
15:13 of 2nd period - Goal by Logan O'Connor - Little Stars : 5 - Moose : 4.
15:14 of 2nd period - Mitchell Stephens wins face-off versus Jason Dickinson in neutral zone.
15:17 of 2nd period - Slapshot by Matthew Benning.
15:17 of 2nd period - Shot Blocked by Reece Willcox.
15:27 of 2nd period - Slapshot by Samuel Girard.
15:27 of 2nd period - Shot Misses the Net.
15:29 of 2nd period - Slapshot by Samuel Girard.
15:29 of 2nd period - Deflect By Logan O'Connor.
15:29 of 2nd period - Stopped by Karel Vejmelka without a rebound.
15:30 of 2nd period - Filip Chytil wins face-off versus Jake Leschyshyn in Moose zone.
15:44 of 2nd period - Minor Penalty to Reece Willcox for Boarding.
15:45 of 2nd period - Jake Leschyshyn wins face-off versus Daniel O'regan in Little Stars zone.
16:21 of 2nd period - Samuel Girard is hit by Mitchell Stephens and loses puck.
17:44 of 2nd period - Penalty to Reece Willcox is over, Reece Willcox is back on ice.
17:45 of 2nd period - Icing by Nelson Nogier.
17:46 of 2nd period - Axel Jonsson-Fjallby wins face-off versus Filip Chytil in Moose zone.
17:53 of 2nd period - Wrist shot by Cal Burke.
17:53 of 2nd period - Shot Misses the Net.
18:22 of 2nd period - Slapshot by Josh Mahura.
18:22 of 2nd period - Shot Misses the Net.
18:38 of 2nd period - Backhand shot by Daniel O'regan.
18:38 of 2nd period - Stopped by Karel Vejmelka with a rebound.
18:57 of 2nd period - Slapshot by Jason Dickinson.
18:57 of 2nd period - Shot Misses the Net.
18:59 of 2nd period - Slapshot by Jason Dickinson.
18:59 of 2nd period - Stopped by Karel Vejmelka without a rebound.
19:00 of 2nd period - Mitchell Stephens wins face-off versus Jason Dickinson in Moose zone.
19:46 of 2nd period - Icing by Matt Luff.
19:47 of 2nd period - Riley Damiani wins face-off versus Filip Chytil in Little Stars zone.
19:50 of 2nd period - Snap shot by Anders Bjork.
19:50 of 2nd period - Shot Misses the Net.
19:53 of 2nd period - Icing by Filip Chytil.
19:54 of 2nd period - Filip Chytil wins face-off versus Mitchell Stephens in Little Stars zone.
19:56 of 2nd period - Icing by Aidan Mcdonough.
19:57 of 2nd period - Filip Chytil wins face-off versus Mitchell Stephens in Little Stars zone.
Goals for this period are 1 for Little Stars vs 2 for Moose.
Shots for this period are 9 for Little Stars vs 17 for Moose.
3rd period
0:01 of 3rd period - Jason Dickinson wins face-off versus Nick Paul in neutral zone.
1:05 of 3rd period - Minor Penalty to Reece Willcox for Cross-checking.
1:06 of 3rd period - Jake Leschyshyn wins face-off versus Daniel O'regan in Little Stars zone.
1:13 of 3rd period - Snap shot by Vinni Lettieri.
1:13 of 3rd period - Stopped by Danil Tarasov without a rebound.
1:14 of 3rd period - Jake Leschyshyn wins face-off versus Daniel O'regan in Little Stars zone.
1:44 of 3rd period - Eetu Luostarinen is hit by Daniel O'regan and loses puck.
1:53 of 3rd period - Snap shot by Eetu Luostarinen.
1:53 of 3rd period - Shot Misses the Net.
1:55 of 3rd period - Wrist shot by Vinni Lettieri.
1:55 of 3rd period - Stopped by Danil Tarasov with a rebound.
2:15 of 3rd period - Wrist shot by Vinni Lettieri.
2:15 of 3rd period - Deflect By Eetu Luostarinen.
2:15 of 3rd period - Goal by Eetu Luostarinen - Little Stars : 5 - Moose : 5.
2:16 of 3rd period - Filip Chytil wins face-off versus Mitchell Stephens in neutral zone.
2:41 of 3rd period - Nelson Nogier is hit by Reece Willcox and loses puck.
2:54 of 3rd period - Slapshot by Justin Auger.
2:54 of 3rd period - Stopped by Karel Vejmelka with a rebound.
3:32 of 3rd period - Snap shot by Jonathan Dahlen.
3:32 of 3rd period - Shot Misses the Net.
3:34 of 3rd period - Slapshot by Connor Mackey.
3:34 of 3rd period - Shot Blocked by Nick Paul.
3:36 of 3rd period - Slapshot by Lawrence Pilut.
3:36 of 3rd period - Stopped by Karel Vejmelka with a rebound.
3:38 of 3rd period - Wrist shot by Radel Fazleev.
3:38 of 3rd period - Shot Misses the Net.
4:16 of 3rd period - Snap shot by Anders Bjork.
4:16 of 3rd period - Stopped by Danil Tarasov with a rebound.
4:37 of 3rd period - Joey Keane is hit by Samuel Girard and loses puck.
5:07 of 3rd period - Adam Ginning is hit by Jonathan Dahlen and loses puck.
5:28 of 3rd period - Wrist shot by Nick Paul.
5:28 of 3rd period - Deflect By Logan O'Connor.
5:28 of 3rd period - Shot Misses the Net.
5:28 of 3rd period - Puck is out of play.
5:29 of 3rd period - Filip Chytil wins face-off versus Eetu Luostarinen in Little Stars zone.
5:44 of 3rd period - Snap shot by Filip Chytil.
5:44 of 3rd period - Stopped by Karel Vejmelka without a rebound.
5:45 of 3rd period - Jason Dickinson wins face-off versus Anders Bjork in Moose zone.
5:48 of 3rd period - Slapshot by Justin Auger.
5:48 of 3rd period - Stopped by Karel Vejmelka without a rebound.
5:49 of 3rd period - Jason Dickinson wins face-off versus Riley Damiani in Moose zone.
5:58 of 3rd period - Snap shot by Emile Poirier.
5:58 of 3rd period - Stopped by Karel Vejmelka with a rebound.
6:00 of 3rd period - Slapshot by Ville Pokka.
6:00 of 3rd period - Shot Blocked by Matthew Benning.
6:02 of 3rd period - Snap shot by Tucker Poolman.
6:02 of 3rd period - Deflect By Anders Bjork.
6:02 of 3rd period - Stopped by Karel Vejmelka without a rebound.
6:03 of 3rd period - Daniel O'regan wins face-off versus Jake Leschyshyn in Moose zone.
6:16 of 3rd period - Juuso Valimaki is hit by Daniel O'regan.
6:30 of 3rd period - Reece Willcox is hit by Nick Paul and loses puck.
6:57 of 3rd period - Tucker Poolman is hit by Mitchell Stephens and loses puck.
8:12 of 3rd period - Snap shot by Anders Bjork.
8:12 of 3rd period - Goal by Anders Bjork - Little Stars : 5 - Moose : 6.
8:13 of 3rd period - Vinni Lettieri wins face-off versus Daniel O'regan in neutral zone.
8:48 of 3rd period - Slapshot by Vinni Lettieri.
8:48 of 3rd period - Stopped by Danil Tarasov with a rebound.
9:00 of 3rd period - Nathan Bastian is hit by Jason Dickinson and loses puck.
9:50 of 3rd period - Logan O'Connor is hit by Radel Fazleev.
10:02 of 3rd period - Anders Bjork is hit by Jason Dickinson and loses puck.
10:33 of 3rd period - Snap shot by Logan O'Connor.
10:33 of 3rd period - Deflect By Nick Paul.
10:33 of 3rd period - Stopped by Danil Tarasov without a rebound.
10:34 of 3rd period - Daniel O'regan wins face-off versus Mitchell Stephens in Little Stars zone.
10:34 of 3rd period - Daniel O'regan is hit by Nick Paul.
10:39 of 3rd period - Icing by Shane Gersich.
10:40 of 3rd period - Daniel O'regan wins face-off versus Mitchell Stephens in Little Stars zone.
11:08 of 3rd period - Off-side.
11:09 of 3rd period - Jason Dickinson wins face-off versus Jake Leschyshyn in neutral zone.
11:34 of 3rd period - Nelson Nogier is hit by Ville Pokka and loses puck.
11:46 of 3rd period - Minor Penalty to Justin Auger for Roughing.
11:47 of 3rd period - Daniel O'regan wins face-off versus Mitchell Stephens in Little Stars zone.
12:16 of 3rd period - Off-side.
12:17 of 3rd period - Jake Leschyshyn wins face-off versus Matt Luff in neutral zone.
12:32 of 3rd period - Snap shot by Eetu Luostarinen.
12:32 of 3rd period - Shot Blocked by Tucker Poolman.
12:34 of 3rd period - Snap shot by Eetu Luostarinen.
12:34 of 3rd period - Stopped by Danil Tarasov with a rebound.
12:42 of 3rd period - Snap shot by Jake Leschyshyn.
12:42 of 3rd period - Shot Misses the Net.
12:44 of 3rd period - Wrist shot by Matthew Benning.
12:44 of 3rd period - Shot Misses the Net.
12:46 of 3rd period - Slapshot by Matthew Benning.
12:46 of 3rd period - Stopped by Danil Tarasov without a rebound.
12:47 of 3rd period - Daniel O'regan wins face-off versus Mitchell Stephens in Little Stars zone.
13:46 of 3rd period - Penalty to Justin Auger is over, Justin Auger is back on ice.
13:46 of 3rd period - Logan O'Connor is hit by Tucker Poolman and loses puck.
14:21 of 3rd period - Slapshot by Tucker Poolman.
14:21 of 3rd period - Stopped by Karel Vejmelka with a rebound.
15:18 of 3rd period - Snap shot by Filip Chytil.
15:18 of 3rd period - Stopped by Karel Vejmelka without a rebound.
15:19 of 3rd period - Mitchell Stephens wins face-off versus Filip Chytil in Moose zone.
15:48 of 3rd period - Wrist shot by Daniel O'regan.
15:48 of 3rd period - Shot Misses the Net.
15:50 of 3rd period - Snap shot by Daniel O'regan.
15:50 of 3rd period - Goal by Daniel O'regan - Little Stars : 6 - Moose : 6.
15:51 of 3rd period - Filip Chytil wins face-off versus Riley Damiani in neutral zone.
16:01 of 3rd period - Slapshot by Filip Chytil.
16:01 of 3rd period - Shot Misses the Net.
16:03 of 3rd period - Wrist shot by Aidan Mcdonough.
16:03 of 3rd period - Stopped by Karel Vejmelka with a rebound.
16:05 of 3rd period - Wrist shot by Cal Burke.
16:05 of 3rd period - Stopped by Karel Vejmelka with a rebound.
16:22 of 3rd period - Slapshot by Connor Mackey.
16:22 of 3rd period - Stopped by Karel Vejmelka with a rebound.
16:24 of 3rd period - Snap shot by Connor Mackey.
16:24 of 3rd period - Stopped by Karel Vejmelka without a rebound.
16:25 of 3rd period - Jake Leschyshyn wins face-off versus Daniel O'regan in Moose zone.
17:29 of 3rd period - Lawrence Pilut is hit by Nick Paul and loses puck.
18:25 of 3rd period - Snap shot by Anders Bjork.
18:25 of 3rd period - Goal by Anders Bjork - Little Stars : 6 - Moose : 7.
18:26 of 3rd period - Filip Chytil wins face-off versus Riley Damiani in neutral zone.
18:39 of 3rd period - Slapshot by Cal Burke.
18:39 of 3rd period - Stopped by Karel Vejmelka with a rebound.
18:41 of 3rd period - Slapshot by Samuel Girard.
18:41 of 3rd period - Deflect By Cal Burke.
18:41 of 3rd period - Shot Misses the Net.
18:41 of 3rd period - Puck is out of play.
18:42 of 3rd period - Radel Fazleev wins face-off versus Jake Leschyshyn in Moose zone.
18:56 of 3rd period - Snap shot by Vinni Lettieri.
18:56 of 3rd period - Goal by Vinni Lettieri - Little Stars : 6 - Moose : 8.
18:57 of 3rd period - Riley Damiani wins face-off versus Filip Chytil in neutral zone.
19:27 of 3rd period - Off-side.
19:28 of 3rd period - Mitchell Stephens wins face-off versus Jason Dickinson in neutral zone.
19:37 of 3rd period - Snap shot by Nick Paul.
19:37 of 3rd period - Stopped by Danil Tarasov without a rebound.
19:38 of 3rd period - Mitchell Stephens wins face-off versus Jason Dickinson in Little Stars zone.
19:39 of 3rd period - Snap shot by Logan O'Connor.
19:39 of 3rd period - Stopped by Danil Tarasov with a rebound.
19:41 of 3rd period - Snap shot by Jonny Tychonick.
19:41 of 3rd period - Shot Misses the Net.
19:49 of 3rd period - Snap shot by Nick Paul.
19:49 of 3rd period - Shot Misses the Net.
19:51 of 3rd period - Slapshot by Matthew Benning.
19:51 of 3rd period - Shot Blocked by Tucker Poolman.
19:53 of 3rd period - Backhand shot by Logan O'Connor.
19:53 of 3rd period - Stopped by Danil Tarasov with a rebound.
19:55 of 3rd period - Wrist shot by Nick Paul.
19:55 of 3rd period - Deflect By Logan O'Connor.
19:55 of 3rd period - Shot Misses the Net.
19:55 of 3rd period - Puck is out of play.
19:56 of 3rd period - Filip Chytil wins face-off versus Riley Damiani in Little Stars zone.
Goals for this period are 1 for Little Stars vs 4 for Moose.
Shots for this period are 14 for Little Stars vs 14 for Moose.